 Dungeon Crawl Stone Soup version 0.27-a0-1177-g245c70e1c0 (webtiles) character file.

Game seed: 18133084808665681026

47 Grimdewalt the Ducker (level 3, 0/29 HPs)
             Began as a Djinni Warper on May 16, 2021.
             Slain by a goblin
             ... wielding a +0 club
             ... led by Robin
              (4 damage)
             ... on level 2 of the Dungeon.
             The game lasted 00:02:29 (2326 turns).

Grimdewalt the Ducker (Djinni Warper)               Turns: 2326, Time: 00:02:30

Health: 0/29       AC: 10    Str: 11    XL:     3   Next: 97%
Gold:   81         EV:  2    Int: 14    God:
                   SH:  0    Dex: 12

rFire    + + .     SeeInvis .   a - +0 mace
rCold    x . .     Faith    .   (no shield)
rNeg     . . .     Spirit   .   c - +0 plate armour
rPois    ∞         Reflect  .   (no helmet)
rElec    .         Harm     .   (no cloak)
rCorr    .         Rampage  .   (no gloves)
Will     .....                  (boots unavailable)
Stlth    ..........             (no amulet)
HPRegen  0.09/turn              (no ring)
MPRegen  0.00/turn              (no ring)

@: flying
A: sickness immunity, fire resistance 2, cold vulnerability 1, float, innate
caster, hp casting, extra vitality 1
a: no special abilities


You were on level 2 of the Dungeon.
You visited 1 branch of the dungeon, and saw 2 of its levels.

You collected 81 gold pieces.

Inventory:

Hand Weapons
 a - a +0 mace (weapon)
Missiles
 e - 5 boomerangs of dispersal (quivered)
Armour
 b - a +0 leather armour
 c - a +0 plate armour (worn)
Scrolls
 d - a scroll of blinking
 f - a scroll of fear {unknown}
 i - a scroll of identify {unknown}
Potions
 g - a potion of might {unknown}
 h - a potion of brilliance {unknown}
 j - a potion of curing {unknown}


   Skills:
 + Level 2.5 Fighting
 + Level 2.0 Maces & Flails
 - Level 0.7 Throwing
 + Level 1.7 Armour
 + Level 2.7 Dodging
 + Level 2.6 Spellcasting


You couldn't memorise any spells.
You knew the following spells:

 Your Spells              Type           Power      Damage    Failure   Level
a - Blink                 Tloc           N/A        N/A       100%        2
b - Lesser Beckoning      Tloc           4%         N/A       100%        3
c - Gell's Gravitas       Tloc           4%         N/A       100%        3
d - Teleport Other        Tloc           9%         N/A       100%        3
e - Manifold Assault      Tloc           9%         N/A       100%        5
f - Apportation           Tloc           18%        N/A       100%        1
Your spell library was empty.


Dungeon Overview and Level Annotations

Branches:
Dungeon (2/15)

Altars:

Annotations:
D:2 Robin


Innate Abilities, Weirdness & Mutations

You are immune to sickness and miasma.
You are immune to poison.
Your flesh is very heat resistant. (rF++)
You are vulnerable to cold. (rC-)
You float through the air rather than walking.
You learn spells naturally, not from books.
Your magical power is your life essence.
You have superior vitality. (+4 HP)


Message History

A goblin comes into view.
It is wielding a +0 club. x2 2 goblins come into view.
The goblin shouts! x3
Robin throws the goblin at you!
The goblin unwields a +0 dagger.
The goblin wields a +0 hunting sling.
The goblin shoots a stone.
The stone hits you but does no damage. The goblin hits you but does no damage.
You hit the goblin but do no damage.
The hobgoblin hits you but does no damage.
Robin roars a battlecry!
The goblins go into a battle-frenzy!
The goblin hits you but does no damage. The hobgoblin hits you.
You hit the goblin.
You kill the goblin!
Robin hits you but does no damage. The hobgoblin hits you.
Robin throws the goblin at you! The goblin hits you but does no damage.
You hit the hobgoblin.
The hobgoblin is almost dead.
The hobgoblin hits you but does no damage.
Robin throws the goblin at you! The goblin hits you but does no damage.
The goblin hits you with a +0 club. The goblin hits you but does no damage.
You hit the hobgoblin.
You kill the hobgoblin!
The goblin hits you but does no damage.
Robin hits you from afar with a +0 spear.
The goblin hits you but does no damage. x2
Robin throws the goblin at you! The goblin hits you but does no damage.
The goblin unwields a +0 hunting sling.
The goblin wields a +0 dagger.
The goblin hits you but does no damage.
Things that are here:
a +0 dagger; a +0 club; a goblin corpse Cast which spell? (? or * to list) It is impossible to cast this spell (100% risk of failure)!
The goblin hits you but does no damage.
The goblin unwields a +0 dagger.
The goblin wields a +0 hunting sling.
The goblin shoots a stone.
The stone hits you.
You see here 21 arrows.
The goblin hits you with a +0 club. The goblin hits you but does no damage.
The goblin no longer looks unusually strong.
The goblin no longer looks unusually strong.
Robin throws the goblin at you! The goblin hits you with a +0 club.
Robin's horned helmet rattles.
Robin throws the goblin at you! The goblin hits you but does no damage.
You hit the goblin.
The goblin is moderately wounded.
The goblin hits you but does no damage. x2
The goblin hits you with a +0 dagger.
* * * LOW HITPOINT WARNING * * *
The goblin hits you with a +0 club.
You die...

#. #.......#.....#.###.
#...#.####.......#.....#.####
#...#....#...................
#...#....#..........##.......
#...................##....†..
#.....#.....#...#...##.......
#..............†###..........
#............g..# #..........
#..........@g..# #..........
##....##..ggg..# #......####
#....##..gg...# #......#
#....####.....# #......####
#....# #.g...###..........
###.#####..................
#................... ....
#....)...(.?....$.# ....
#.................# ....


You could see Robin and 7 goblins.

Vanquished Creatures
  3 endoplasms
  2 giant cockroaches
  4 goblins
  3 hobgoblins
  10 jackals (D:1)
  4 kobolds
  2 quokkas (D:2)
  4 ball pythons
  3 bats (D:1)
  3 frilled lizards (D:1)
  A rat (D:1)
39 creatures vanquished.

Notes
Turn   | Place    | Note
-------+----------+-------------------------------------------
     0 | D:1      | Grimdewalt the Djinni Warper began the quest for the Orb.
     0 | D:1      | Reached XP level 1. HP: 18/18 MP: 0/0
   249 | D:1      | Reached XP level 2. HP: 9/23 MP: 0/0
  1325 | D:1      | Reached XP level 3. HP: 28/28 MP: 0/0
  1325 | D:1      | Learned a level 1 spell: Apportation
  2133 | D:2      | Found a faded altar of an unknown god.
  2307 | D:2      | Noticed Robin
  2326 | D:2      | Slain by a goblin

Illustrated notes

Levels and vault maps discovered:
D:1:      roderic_chinese_lattice_arrival, layout_basic
D:2:      layout_basic, hellmonk_ecumenical_altar_prayer_group, uniq_robin

Skill      XL: |  1  2  3 |
---------------+----------+-----
Maces & Flails | 2 |  2.0
Fighting       | |  2.5
Throwing       | |  0.7
Armour         | |  1.7
Dodging        | |  2.7
Spellcasting   | |  2.6

Action                   || total
-------------------------++-------
Melee: Mace              ||   164
Armor: Leather armour    ||     5
       Plate armour      ||   173
Dodge: Dodged            ||    30

Table legend: (Time is in decaauts)
 A = Elapsed time spent in this place.
 B = Non-inter-level travel time spent in this place.
 C = Inter-level travel time spent in this place.
 D = Time resting spent in this place.
 E = Time spent auto-exploring this place.
 F = Levels seen in this place.
 G = Mean time per level.
                   A        B        C        D        E       F      G
               +--------+--------+--------+--------+--------+-----+--------+
         Total |   2377 |   2350 |     27 |    138 |   1798 |   2 | 1188.5 |
       Dungeon |   2377 |   2350 |     27 |    138 |   1798 |   2 | 1188.5 |
               +--------+--------+--------+--------+--------+-----+--------+

Top non-repeatable levels by time:
     D:1: 1791 daAuts
     D:2: 585 daAuts
